 Dungeon Crawl Stone Soup version 0.25-a0-1130-g3926558f3a (webtiles) character file.

Game seed: 8835686363685214573, levelgen mode: deterministic

70 Flugslaktarn the Chopper (level 4, -2/41 HPs)
             Began as a Minotaur Fighter on May 19, 2020.
             Was a Believer of Ru.
             Slain by an adder (4 damage)
             ... on level 4 of the Dungeon.
             The game lasted 00:02:15 (2500 turns).

Flugslaktarn the Chopper (Minotaur Fighter)         Turns: 2500, Time: 00:02:16

Health: -2/41      AC:  7    Str: 22    XL:     4   Next: 4%
Magic:  3/3        EV:  7    Int:  5    God:    Ru [**....]
Gold:   123        SH:  0    Dex:  9    Spells: 3/3 levels left

rFire    . . .     SeeInvis .   a - +0 war axe
rCold    . . .     Gourm    .   c - +0 kite shield
rNeg     . . .     Faith    .   b - +0 scale mail
rPois    .         Spirit   .   (helmet restricted)
rElec    .         Reflect  .   (no cloak)
rCorr    .         Harm     .   (no gloves)
MR       .....                  (no boots)
Stlth    ..........             (no amulet)
HPRegen  0.13/turn              (no ring)
MPRegen  0.08/turn              (no ring)

@: confused, mighty
A: retaliatory headbutt, horns 2, inexperienced 1
a: Renounce Religion


You were on level 4 of the Dungeon.
You worshipped Ru.
Ru was pleased with you.
You were not hungry.

You visited 1 branch of the dungeon, and saw 4 of its levels.

You collected 123 gold pieces.

Inventory:

Hand Weapons
 a - a +0 war axe (weapon)
Armour
 b - a +0 scale mail (worn)
 c - a +0 kite shield (worn)
Jewellery
 h - an uncursed ring of flight {unknown}
   (You found it on level 1 of the Dungeon)
 r - an uncursed amulet of magic regeneration {unknown}
   (You found it on level 3 of the Dungeon)
Scrolls
 g - a scroll of fear {unknown}
 j - a scroll of noise {unknown}
 k - a scroll of fog {unknown}
 m - a scroll of magic mapping {unknown}
 o - a scroll of remove curse {unknown}
 q - a scroll of identify {unknown}
Potions
 d - 2 potions of might
 l - a potion of lignification
 n - a potion of flight
Comestibles
 e - 4 rations
 f - a chunk of flesh


   Skills:
 + Level 4.6 Fighting
 * Level 4.8 Axes
 + Level 4.6 Armour
 + Level 4.6 Shields


You had 3 spell levels left.
You didn't know any spells.
Your spell library was empty.

Dungeon Overview and Level Annotations

Branches:
Dungeon (4/15)
 Temple: D:4-7

Altars:
Ru

Annotations:
D:3 Sigmund


Innate Abilities, Weirdness & Mutations

You reflexively headbutt those who attack you in melee.
You have a pair of horns on your head.
You are somewhat inexperienced. (-2 XL)


Message History

You closely miss something. You headbutt something!
You block something's attack.
You closely miss the adder. You miss something.
The adder completely misses you.
You hear some strange, mumbled words.
You are confused.
The adder barely misses you.
Unknown command.
You closely miss something. You miss the adder.
The adder bites you but does no damage. The adder barely misses you.
Unknown command.
You bump into the rock wall.
Something hits you but does no damage. The adder bites you but does no damage.
Unknown command.
You bump into the rock wall.
The adder bites you.
* * * LOW HITPOINT WARNING * * *
Something hits you but does no damage.
Unknown command.
The adder barely misses you. The adder bites you.
You die...

.. ... .... .
....### ........o
........o##
.......o{S#######.
..... #.@.......
#...###<#######>
#....## ######


You could see an orc wizard, an adder and 2 orcs.

Vanquished Creatures
  An orc wizard (D:3)
  An iguana (D:2)
  Ijyb (D:3)
  3 adders (D:2)
  A worm (D:2)
  2 dart slugs
  A leopard gecko (D:1)
  4 orcs
  10 bats
  5 giant cockroaches
  12 goblins
  10 hobgoblins
  6 jackals
  7 kobolds
  2 quokkas
  A ball python (D:1)
  6 frilled lizards
  5 rats
78 creatures vanquished.

Vanquished Creatures (others)
  A frilled lizard (D:3)
1 creature vanquished.

Grand Total: 79 creatures vanquished

Notes
Turn   | Place    | Note
-------+----------+-------------------------------------------
     0 | D:1      | Flugslaktarn the Minotaur Fighter began the quest for the
                  | Orb.
     0 | D:1      | Reached XP level 1. HP: 19/19 MP: 0/0
   146 | D:1      | Reached XP level 2. HP: 24/27 MP: 1/1
   755 | D:1      | Reached XP level 3. HP: 33/33 MP: 2/2
   886 | D:2      | Found a sacrificial altar of Ru.
   895 | D:2      | Became a worshipper of Ru the Awakened
  1082 | D:2      | Reached XP level 4. HP: 40/40 MP: 3/3
  2071 | D:3      | Reached XP level 5. HP: 43/47 MP: 4/4
  2123 | D:3      | Gained mutation: You are somewhat inexperienced. (-2 XL)
                  | [Ru sacrifice]
  2123 | D:3      | Reached XP level 4. HP: 41/41 MP: 3/3
  2123 | D:3      | Reached XP level 3. HP: 34/34 MP: 2/2
  2123 | D:3      | Reached * piety under Ru
  2123 | D:3      | Reached ** piety under Ru
  2255 | D:3      | Noticed Ijyb
  2281 | D:3      | Killed Ijyb
  2281 | D:3      | Reached XP level 4. HP: 38/41 MP: 3/3
  2416 | D:3      | Noticed Sigmund
  2499 | D:4      | HP: 1/41 [adder (4)]
  2500 | D:4      | Slain by an adder

Illustrated notes

Levels and vault maps discovered:
D:1:      dpeg_arrival_lava_temple_mockup, layout_basic,
          hangedman_abyss_or_decor_lesser_grid, hangedman_decor_growths,
          hex_large, minmay_pentomino_x2
D:2:      kennysheep_six_static_rooms, layout_basic,
          nicolae_ru_sacrificial_ziggurat, first_ration
D:3:      layout_loops_ring, biasface_ghost_orc_armoury, uniq_grinder,
          uniq_natasha, uniq_ijyb, uniq_sigmund
D:4:      old_forge, layout_loops_corners, guppyfry_early_lair_pool, uniq_edmund

Skill      XL: |  1  2  3  4 |
---------------+-------------+-----
Axes           | 3 4 |  4.8
Fighting       | 4 |  4.6
Armour         | 4 |  4.6
Shields        | 4 |  4.6

Action                   |  1- 3 |  4- 6 || total
-------------------------+-------+-------++-------
Melee: War axe           |   108 |    69 ||   177
       Headbutt          |     9 |    12 ||    21
       Unarmed           |    18 |       ||    18
Invok: Sacrifice Experie |     1 |       ||     1
  Use: Potion            |       |     5 ||     5
  Eat: Chunk             |     2 |     3 ||     5
Armor: Scale mail        |    38 |    36 ||    74
       Skin              |     1 |    16 ||    17
Dodge: Dodged            |    40 |    29 ||    69
Block: Kite shield       |    60 |    38 ||    98

Table legend:
 A = Non-vault XP
 B = Vault XP
 C = Vault XP percentage of total XP
 D = Non-vault monster count
 E = Vault monster count
 F = Vault count percentage of total count
                 A         B        C        D         E       F
            +---------+---------+-------+---------+---------+-------
      Total |     237 |      49 |  17.1 |      70 |       8 |  10.3
            +---------+---------+-------+---------+---------+-------
        D:1 |      41 |       1 |   2.4 |      24 |       1 |   4.0
        D:2 |     128 |      12 |   8.6 |      30 |       6 |  16.7
        D:3 |      65 |      36 |  35.6 |      15 |       1 |   6.2
        D:4 |       3 |       0 |   0.0 |       1 |       0 |   0.0
            +---------+---------+-------+---------+---------+-------
